AoeStats
← Barbarianu

Oasis

509087929Analyzed
4v4 RM · 8d ago on Sep 25, 2026· 40m 14s· 8 players
Game mode
Random Map
Map size
Large (8 player)
Population
200
Speed
Normal
Resources
Standard
Victory
Conquest
Starting age
Dark Age
Ending age
Imperial Age
RankedLock teamsTeams togetherTeam positionsShared explorationLock speedFull tech treeHidden civsTurbo modeCheats
Victory
Defeat
🇷🇴 Koreans · Romania
1096
+16
🇭🇰 Japanese · Hong Kong SAR China
1076
+17
🇺🇸 Bulgarians · United States
1014
+20
🇺🇸 Varangians · United States
947
+22
🇨🇳 Dravidians · China
1144
-21
🇨🇳 Japanese · China
1136
-20
🇨🇳 Spanish · China
1136
-20
983
-14
TocTheYoungr
3:37 Loom
11:16 Feudal Age
12:13 Double-Bit Axe
12:17 Horse Collar
14:57 Scale Barding Armor
15:03 Forging
20:37 Castle Age
19:14 Wheelbarrow
20:55 Castle Age
20:18 Bloodlines
22:02 Light Cavalry
22:43 Husbandry
24:35 Bow Saw
29:05 Gold Mining
32:43 Stirrups
32:52 Fletching
34:11 Chain Barding Armor
35:47 Iron Casting
39:36 Imperial Age
38:30 Hand Cart
Luncheon
7:24 Loom
10:21 Feudal Age
11:01 Double-Bit Axe
19:40 Castle Age
37:20 Wheelbarrow
37:34 Bow Saw
Barbarianu
11:09 Feudal Age
10:06 Loom
12:54 Double-Bit Axe
20:24 Castle Age
18:19 Fletching
21:12 Crossbowman
31:32 Bodkin Arrow
169198821
12:06 Feudal Age
12:40 Horse Collar
17:05 Castle Age
16:55 Double-Bit Axe
18:06 Heavy Plow
27:06 Bow Saw
30:21 Imperial Age
30:17 Wheelbarrow
30:41 Loom
30:50 Gold Mining
30:51 Stone Mining
31:09 Yasama
31:35 Bow Saw
31:43 Hand Cart
31:28 Guard Tower
34:06 Gold Shaft Mining
34:12 Keep
33:59 Ballistics
34:40 Chemistry
33:25 Arrowslits
33:05 Pikeman
33:46 Squires
35:26 Two-Man Saw
34:57 Scale Mail Armor
34:57 Padded Archer Armor
34:55 Fletching
35:16 Forging
34:35 Elite Skirmisher
35:29 Masonry
36:05 Siege Engineers
36:11 Bodkin Arrow
36:32 Chain Mail Armor
36:33 Leather Archer Armor
36:42 Leather Archer Armor
36:49 Murder Holes
37:27 Treadmill Crane
37:44 Capped Ram
39:53 Plate Mail Armor
39:53 Ring Archer Armor
39:25 Bracer
40:02 Iron Casting
洗心革面重新做人TownYan
11:13 Feudal Age
12:09 Loom
12:27 Loom
15:26 Castle Age
13:14 Double-Bit Axe
15:29 Fletching
16:30 Bodkin Arrow
18:22 Wheelbarrow
20:16 Crossbowman
28:23 Ballistics
30:36 Treadmill Crane
31:47 Horse Collar
32:58 Town Watch
34:55 Bow Saw
34:46 Heavy Plow
35:43 Hand Cart
35:32 Gold Mining
37:05 Fortified Wall
37:06 Masonry
37:20 Stone Mining
38:05 Gold Shaft Mining
37:37 Caravan
40:53 Imperial Age
从不压堡之人
11:20 Feudal Age
12:32 Double-Bit Axe
14:47 Castle Age
13:25 Horse Collar
14:40 Wheelbarrow
16:02 Bow Saw
17:07 Heavy Plow
17:50 Loom
22:25 Heavy Plow
24:33 Hand Cart
25:57 Stone Mining
26:00 Gold Mining
26:16 Caravan
27:21 Town Watch
27:51 Fletching
31:08 Imperial Age
30:18 Bodkin Arrow
30:43 Ballistics
31:30 Inquisition
31:53 Sanctity
31:44 Fervor
31:44 Redemption
31:44 Fervor
31:44 Redemption
31:41 Elite Conquistador
32:41 Conscription
32:22 Bracer
32:23 Padded Archer Armor
32:29 Scale Barding Armor
33:34 Chemistry
33:14 Theocracy
32:54 Block Printing
33:11 Illumination
32:58 Arrowslits
33:04 Guard Tower
33:41 Guilds
33:44 Murder Holes
34:16 Masonry
34:37 Block Printing
35:14 Stone Shaft Mining
34:50 Scale Barding Armor
36:24 Keep
36:19 Architecture
37:01 Chain Barding Armor
38:40 Bombard Tower
40:20 Two-Man Saw
我不是蓝精灵
11:50 Feudal Age
15:45 Castle Age
13:46 Double-Bit Axe
13:55 Horse Collar
15:24 Wheelbarrow
16:51 Bow Saw
17:35 Heavy Plow
18:31 Loom
20:43 Fletching
22:41 Gold Mining
22:40 Town Watch
24:32 Hand Cart
29:32 Imperial Age
27:21 Bodkin Arrow
27:26 Padded Archer Armor
28:01 Thumb Ring
28:19 Husbandry
30:00 Ballistics
30:09 Caravan
29:52 Elite Elephant Archer
31:49 Two-Man Saw
31:05 Bracer
32:11 Chemistry
32:11 Leather Archer Armor
32:14 Masonry
32:09 Town Patrol
33:29 Ring Archer Armor
33:57 Guilds
34:36 Scale Mail Armor
35:01 Medical Corps
35:17 Conscription
35:27 Forging
35:38 Chain Mail Armor
35:30 Stone Mining
35:11 Man-at-Arms
35:37 Gambesons
35:52 Squires
35:38 Arson
36:39 Wootz Steel
37:02 Iron Casting
36:24 Long Swordsman
36:25 Pikeman
36:56 Two-Handed Swordsman
37:53 Elite Urumi Swordsman
38:44 Champion
38:45 Halberdier
LLK是给
2:59 Loom
9:42 Feudal Age
9:57 Man-at-Arms
11:23 Arson
12:40 Town Watch
15:03 Double-Bit Axe
17:39 Wheelbarrow
21:23 Castle Age
19:40 Horse Collar
19:55 Gold Mining
20:17 Fletching
20:36 Stone Mining
22:22 Bow Saw
22:23 Bodkin Arrow
22:56 Crossbowman
24:33 Padded Archer Armor
25:06 Heavy Plow
28:51 Gold Shaft Mining
30:07 Ballistics
31:48 Hand Cart
32:14 Leather Archer Armor
34:01 Thumb Ring
35:00 Bloodlines
34:50 Husbandry
35:22 Yasama
35:34 Guard Tower
36:01 Forging
36:00 Caravan
36:44 Murder Holes
37:02 Masonry
36:32 Treadmill Crane
39:59 Imperial Age
38:14 Treadmill Crane
40:32 Fortified Wall
Connection lost

Rejoining the realm…

Still unreachable

The connection could not be restored.

Session expired

The server has moved on; the page needs a fresh start.